AoeStats
← persephone9

Nomad

503445458Analyzed
3v3 RM · 1mo ago on Aug 31, 2026· 46m 24s· 6 players
Game mode
Random Map
Map size
210×210
Population
200
Speed
Normal
Resources
Standard
Victory
Conquest
Starting age
Dark Age
Ending age
Imperial Age
RankedLock teamsTeams togetherTeam positionsShared explorationLock speedFull tech treeHidden civsTurbo modeCheats
Victory
Defeat
🇬🇧 Huns · United Kingdom
758
+14
🇺🇸 Bohemians · United States
722
+16
🇨🇦 Romans · Canada
706
+17
🇩🇪 Khmer · Germany
776
-18
🇨🇾 Cumans · Cyprus
732
-39
🇨🇱 Vikings · Chile
655
-13
GEZZA 1
8:25 Loom
17:46 Feudal Age
19:15 Man-at-Arms
23:02 Castle Age
23:40 Forging
25:14 Long Swordsman
34:06 Pikeman
35:46 Double-Bit Axe
35:47 Horse Collar
41:43 Bow Saw
42:13 Wheelbarrow
43:19 Town Watch
Searam
5:30 Loom
16:08 Feudal Age
16:58 Double-Bit Axe
18:25 Wheelbarrow
22:03 Castle Age
21:46 Stone Mining
22:37 Man-at-Arms
23:17 Squires
23:30 Long Swordsman
28:56 Bow Saw
29:55 Hand Cart
35:09 Scale Mail Armor
34:55 Pikeman
37:45 Forging
37:50 Chain Mail Armor
38:07 Murder Holes
41:14 Imperial Age
39:37 Ballistas
41:28 Iron Casting
42:29 Halberdier
43:04 Heavy Scorpion
45:16 Legionary
46:39 Gold Mining
persephone9
4:25 Loom
14:56 Feudal Age
15:27 Town Watch
29:46 Castle Age
28:54 Fletching
33:13 Fervor
35:59 Town Patrol
35:59 Double-Bit Axe
35:58 Horse Collar
43:25 Imperial Age
42:55 Chemistry
44:32 Conscription
vince
9:10 Loom
18:26 Feudal Age
21:46 Castle Age
19:44 Double-Bit Axe
20:59 Forging
20:58 Horse Collar
22:01 Bloodlines
23:12 Bow Saw
26:29 Iron Casting
33:13 Scale Barding Armor
35:50 Demolition Ship
38:12 Chain Barding Armor
38:14 Heavy Plow
38:47 Murder Holes
42:50 Imperial Age
40:57 Gold Mining
42:55 Ballistics
42:12 Light Cavalry
mauri90.hermosilla
15:01 Feudal Age
15:10 Man-at-Arms
21:48 Arson
ketrysh
14:44 Feudal Age
16:17 Wheelbarrow
16:03 Horse Collar
16:16 Stone Mining
16:20 Gold Mining
16:59 Double-Bit Axe
20:54 Forging
24:30 Castle Age
25:37 Hand Cart
28:43 Gold Shaft Mining
29:03 Squires
36:12 Town Watch
38:21 Bloodlines
38:20 Scale Barding Armor
41:19 Chain Barding Armor
42:49 Man-at-Arms
Connection lost

Rejoining the realm…

Still unreachable

The connection could not be restored.

Session expired

The server has moved on; the page needs a fresh start.